 Dungeon Crawl Stone Soup version 0.32-a0-938-g40ac7a0f4d (webtiles) character file.

Game seed: 1458522699560557076

373191 smashvw the Slayer (level 21, -3/204 (215) HPs)
             Began as a Minotaur Berserker on Apr 15, 2024.
             Was the Champion of Trog.
             Slain by a Tzitzimitl (9 damage)
             ... called by a doom hound
             ... on level 2 of the Depths.
             The game lasted 01:47:18 (46422 turns).

smashvw the Slayer (Minotaur Berserker)            Turns: 46422, Time: 01:47:18

HP:   -3/204 (215)  AC: 35    Str: 46      XL:     21   Next: 74%
MP:   20/20         EV: 17    Int:  6      God:    Trog [******]
Gold: 1397          SH: 19    Dex: 20 (22) Spells: 20/20 levels left

rFire   + . .        B - +6 war axe "Umetu" {flame, rF+ Str+3 Dex+3 Stlth-}
rCold   . . .        F - +2 kite shield {reflect}
rNeg    . . .        V - +6 plate armour "Xenoat" {Fly Will+ Dex+3}
rPois   +            u - +2 hat {SInv}
rElec   +            O - scarf {repulsion}
rCorr   +            R - +2 pair of gloves
SInv    +            T - +1 pair of boots
Will    +++..        Q - amulet "Naforph" {rElec Will+ RegenMP+ Str+2} Stlth
                     f - ring of Kauts {EV+5 Str+5 Stlth-}
HPRegen 0.54/turn    U - ring "Cypliry" {rPois rCorr Str+6 Dex+5}
MPRegen 0.57/turn

%: repel missiles, reflection
@: on berserk cooldown, flying, slowed, studying Long Blades, drained, very slow
A: horns 2, retaliatory headbutt, MP-powered wands
}: 2/15 runes: decaying, serpentine
a: Renounce Religion, Berserk, Trog's Hand, Brothers in Arms


You were on level 2 of the Depths.
You worshipped Trog.
Trog was exalted by your worship.
You visited 8 branches of the dungeon, and saw 38 of its levels.

You collected 4478 gold pieces.
You spent 3081 gold pieces at shops.

Inventory:

Hand Weapons
 v - a +7 war axe of freezing
 y - a +9 broad axe of flaming
 B - the +6 war axe "Umetu" (weapon) {flame, rF+ Str+3 Dex+3 Stlth-}
   (Trog gifted it to you on level 2 of the Depths)

   Str+3:     It affects your strength (+3).
   Dex+3:     It affects your dexterity (+3).
   rF+:       It protects you from fire.
   Stlth-:    It makes you less stealthy.
 C - a +7 antimagic war axe
Missiles
 G - 2 throwing nets
Armour
 l - a +2 kite shield of positive energy
 u - a +2 hat of see invisible (worn)
 E - a +0 tower shield
 F - a +2 kite shield of reflection (worn)
 O - a scarf of repulsion (worn)
 R - a +2 pair of gloves (worn)
 T - a +1 pair of boots (worn)
 V - the +6 plate armour "Xenoat" (worn) {Fly Will+ Dex+3}
   (You bought it in a shop on level 1 of the Dungeon)

   Dex+3:     It affects your dexterity (+3).
   Will+:     It increases your willpower.
   Fly:       It grants you flight.
Jewellery
 f - the ring of Kauts (left hand) {EV+5 Str+5 Stlth-}
   (You bought it in a shop on level 2 of the Orcish Mines)

   [ring of evasion]

   EV+5:      It affects your evasion (+5).
   Str+5:     It affects your strength (+5).
   Stlth-:    It makes you less stealthy.
 h - a ring of protection from cold
 r - a +6 ring of strength
 M - a ring of positive energy
 Q - the amulet "Naforph" (around neck) {rElec Will+ RegenMP+ Str+2}
   (You found it on level 2 of the Lair of Beasts)

   [amulet of magic regeneration]

   It increases your rate of magic regeneration.
   Str+2:     It affects your strength (+2).
   rElec:     It insulates you from electricity.
   Will+:     It increases your willpower.
   RegenMP+:  It increases your rate of magic regeneration.
 U - the ring "Cypliry" (right hand) {rPois rCorr Str+6 Dex+5}
   (You bought it in a shop on level 2 of the Orcish Mines)

   [ring of strength]

   Str+6:     It affects your strength (+6).
   Dex+5:     It affects your dexterity (+5).
   rPois:     It protects you from poison.
   rCorr:     It protects you from acid and corrosion.
Wands
 o - a wand of roots (43)
 x - a wand of mindburst (17) (quivered)
 z - a wand of digging (15)
 D - a wand of polymorph (16)
 J - a wand of charming (18)
 L - a wand of flame (32)
 P - a wand of light (36)
Scrolls
 b - 9 scrolls of poison
 c - 5 scrolls of enchant armour
 d - 8 scrolls of fog
 e - 5 scrolls of butterflies
 g - 7 scrolls of revelation
 i - 7 scrolls of teleportation
 j - 3 scrolls of blinking
 k - a scroll of silence
 m - 6 scrolls of fear
 n - 11 scrolls of identify
 N - 5 scrolls of amnesia
 X - a scroll of vulnerability
Potions
 q - 11 potions of heal wounds
 s - 7 potions of haste
 t - 6 potions of mutation
 w - 9 potions of curing
 A - 7 potions of lignification
 H - 2 potions of ambrosia
 I - 9 potions of cancellation
 K - a potion of might {unknown}
 S - a potion of invisibility
 W - 2 potions of berserk rage {unknown}
 Y - a potion of resistance
 Z - 4 potions of magic
Miscellaneous
 a - a phantom mirror
 p - a sack of spiders


   Skills:
 + Level 24.7 Fighting
 + Level 23.4 Axes
 + Level 22.5 Armour
 - Level 6.0 Dodging
 - Level 21.6 Shields
 - Level 9.0 Evocations


You had 20 spell levels left.
You didn't know any spells.
Your spell library was empty.

Dungeon Overview and Level Annotations

Branches:
Dungeon (15/15)            Temple (0/1) D:5            Lair (4/5) D:10
  Swamp (4/4) Lair:2        Snake (4/4) Lair:2        Slime (0/5) Lair:4
    Orc (2/2) D:10            Elf (3/3) Orc:2        Vaults (4/5) D:14
  Crypt (0/3) Vaults:2     Depths (2/4) D:15

Altars:
Ashenzari
Cheibriados
Dithmenos
Fedhas
Kikubaaqudgha
Qazlal
Sif Muna
Trog
Uskayaw
Vehumet
Yredelemnul
Zin
The Shining One
Beogh

Shops:
D:1 [   D:11 [   Orc:1 !   Orc:2 =!((   Elf:2 *   Snake:1 [   Snake:2 ([
Vaults:1 *   Vaults:2 [   Vaults:4 ?   Depths:1 ?=!

Portals:
Hell: Depths:1 Depths:2
Abyss: Depths:1

Annotations:
D:6 1 runed translucent door, Crazy Yiuf
Vaults:2 2 transporters
Vaults:4 2 transporters, Plog's ghost, veteran CoAr


Innate Abilities, Weirdness & Mutations

You have a pair of horns on your head.
You reflexively headbutt those who attack you in melee.
You expend magic power (3 MP) to strengthen your wands.


Message History

Here: a tormentor The floor.
Okay, then.
As you read the scroll of teleportation, it crumbles to dust.
You feel strangely unstable. The Tzitzimitl gestures at you.
The bolt of negative energy hits the tormentor.
The tormentor completely resists.
The bolt of negative energy hits the tormentor.
The tormentor completely resists.
The bolt of negative energy misses you.
The tormentor calls on the powers of darkness!
Your body is wracked with pain!
* * * LOW HITPOINT WARNING * * *
The tengu warrior convulses!
The tormentor attacks as it pursues you!
The tormentor closely misses you. You furiously retaliate!
You headbutt the tormentor.
The tormentor hits you but does no damage.
The tormentor completely misses you. You furiously retaliate!
You headbutt the tormentor! You block the tormentor's attack.
You block the tormentor's attack. x3; The tormentor barely misses you.
Your surroundings seem slightly different.
The tengu warrior barely misses you. You block the tormentor's attack.
The tormentor hits you but does no damage.
The reaper closely misses you. You block the tormentor's attack. x2
The tengu warrior hits you from afar with a +2 glaive.
* * * LOW HITPOINT WARNING * * *
The tormentor closely misses you. You furiously retaliate!
You headbutt the tormentor!
You kill the tormentor!
Trog accepts your kill. The tormentor misses you.
The tormentor hits you but does no damage.
The reaper hits you from afar with a +1 heavy scythe!
* * * LOW HITPOINT WARNING * * *
The reaper drags you backwards! The tengu warrior slips past you!
You block the tengu warrior's attack.
The tengu warrior pecks you but does no damage.
You block the tengu warrior's attack. The Tzitzimitl engulfs you!
You die...

#.....^....... #...............#
#...............# #
#...............# .#
#...............######'#
######.......................
#####....'.......................
).....# #)††..Q.1......2........
#####.####..†..2@2......Q†.).....
........!...†.........).1.†).....
###.#########.#########.#####....
........# .#.# ...). ...
..))....# #..## #####... .
P.......#..... #..#
..).)..)#.#... #.#
.P.⌠.).......ß. ...
..[♣..(.#.#.... #.


You could see a Tzitzimitl, a reaper, a tengu warrior and a tormentor.

Vanquished Creatures
  An ancient lich (Vaults:4)
  Mara (Swamp:4)
  Boris (twice) (Vaults:4 Depths:2)
  Sojobo (Vaults:4)
  Margery (Vaults:2)
  the Enchantress (Depths:1)
  3 doom hounds (Depths:2)
  A hellephant (Vaults:2)
  A titan (Vaults:4)
  Mlioglotl (Snake:1)
  2 liches (Depths:2)
  Asterion (Elf:2)
  3 sphinxes
  A quicksilver dragon (Depths:2)
  A deep elf blademaster (Elf:2)
  Grunn (Depths:2)
  A deep elf master archer (Elf:1)
  Gastronok (Lair:3)
  A shadow dragon (Vaults:4)
  Aizul (Snake:1)
  3 tengu reavers
  2 nagarajas
  Donald (Snake:1)
  9 fire giants
  3 frost giants
  2 deep elf sorcerers
  A deep elf elementalist (Elf:1)
  11 vault wardens
  3 spriggan defenders (Depths:1)
  An orc warlord (Vaults:2)
  2 formless jellyfish (Vaults:2)
  16 ironbound preservers
  9 stone giants
  Nessos (Orc:2)
  2 vampire knights (Depths:2)
  9 very ugly things
  5 ironbound thunderhulks
  A putrid mouth (Depths:2)
  5 eleionomae
  17 dire elephants
  3 deep elf death magi
  5 bunyips
  A spark wasp (Depths:2)
  A war gargoyle (Vaults:4)
  An eidolon (Vaults:2)
  3 jiangshi (Depths:1)
  4 ettins
  5 fire dragons
  6 yaktaur captains
  A crystal guardian (Vaults:4)
  14 vault guards
  An entropy weaver (shapeshifter) (D:10)
  3 deep elf high priests
  Fannar (Lair:2)
  6 alligators
  An entropy weaver (Vaults:2)
  The ghost of Guivassao the Fighter, a journeyman GnWn of Ashenzari (D:10)
  2 ice dragons
  9 ironbound frosthearts
  Erolcha (Orc:2)
  10 hydras
  7 great orbs of eyes
  A peacekeeper (Vaults:4)
  2 ghost crabs (Swamp:2)
  3 rakshasas
  Erica (Lair:1)
  4 salamander tyrants
  10 centaur warriors
  An ogre mage (Orc:2)
  A catoblepas (Lair:2)
  13 anacondas
  2 spriggan air magi
  5 deep troll shamans
  5 tengu warriors
  5 boulder beetles
  4 two-headed ogres
  25 dancing weapons
  5 death yaks (Lair:3)
  5 deep troll earth magi
  2 vampire magi (Depths:1)
  15 naga warriors
  7 shock serpents
  A spriggan berserker (Depths:1)
  13 naga sharpshooters
  Nergalle (Orc:2)
  2 salamander mystics
  4 hell knights
  A skyshark (Lair:4)
  16 deep elf knights
  11 deep elf archers
  An iron troll (Depths:2)
  40 deep trolls
  3 spriggan druids
  9 swamp dragons
  A flayed ghost (Depths:2)
  5 goliath frogs
  9 naga ritualists
  8 arcanists
  4 bog bodies
  8 mana vipers
  4 harpies (Vaults:2)
  3 glowing orange brains
  13 ironbound convokers
  2 orc knights
  3 necromancers
  2 phantasmal warriors
  4 thermic dynamos
  2 golden dragon skeletons (Depths:2)
  21 deep elf zephyrmancers
  20 deep elf pyromancers
  6 lindwurms
  40 ugly things
  An obsidian bat (Orc:2)
  13 salamanders
  A shadow dragon skeleton (Vaults:4)
  8 orc sorcerers
  2 manticores
  3 cyclopes
  A wolf spider (D:14)
  4 will-o-the-wisps
  2 tengu skeletons (Depths:2)
  10 elephants
  An oklob plant (Orc:1)
  3 kobold blastminers
  A fire giant skeleton (Vaults:4)
  21 naga magi
  3 meliai (D:15)
  An ice statue (Swamp:4)
  5 guardian serpents
  11 vault sentinels
  48 black mambas
  A yaktaur zombie (Vaults:4)
  A human zombie (Vaults:4)
  9 cane toads
  An unseen horror (D:13)
  A tormentor (Depths:2)
  3 rime drakes
  2 kobold demonologists
  An efreet (D:14)
  3 freezing wraiths
  22 yaktaurs
  9 komodo dragons
  4 tengu conjurers
  A yaktaur skeleton (Vaults:2)
  5 trolls
  A bloated husk (Swamp:3)
  A merfolk (shapeshifter) (D:10)
  11 hornets
  3 polar bears
  Prince Ribbit (D:9)
  23 blink frogs
  7 tyrant leeches
  A hornet (shapeshifter) (D:13)
  An ettin zombie (Vaults:2)
  A glass eye (D:10)
  A raiju (shapeshifter) (D:15)
  3 air elementals
  An iron dragon simulacrum (Depths:2)
  19 slime creatures
  A yak (shapeshifter) (D:15)
  3 wraiths
  3 water elementals (Elf:1)
  3 yaks (D:10)
  12 spriggans
  2 vampires
  3 wyverns
  3 fire elementals
  A basilisk (shapeshifter) (D:10)
  7 basilisks
  3 vampire mosquitoes (Swamp:4)
  A steam dragon (D:9)
  A neqoxec (D:10)
  A glowing shapeshifter zombie (Vaults:2)
  51 nagas
  3 acid dragons
  19 swamp worms
  A water moccasin (shapeshifter) (Elf:3)
  24 water moccasins
  A glowing shapeshifter skeleton (Depths:2)
  Duvessa (D:6)
  15 orc warriors
  9 swamp drakes
  3 black bears
  3 sky beasts
  4 laughing skulls
  A meliai simulacrum (D:14)
  2 ice beasts
  14 ogres
  A spriggan simulacrum (Depths:2)
  12 wolves
  6 boggarts
  8 centaurs
  A crocodile (shapeshifter) (D:10)
  2 kobold brigands (D:9)
  14 bullfrogs
  2 scorpions
  7 earth elementals
  12 wights (D:8)
  Dowan (D:6)
  4 killer bees (D:8)
  4 electric eels (Lair:2)
  4 bombardier beetles
  2 jellies
  8 orc priests
  2 hounds
  2 iguanas
  An iguana (shapeshifter) (D:14)
  Jessica (D:3)
  26 orc wizards
  Terence (D:3)
  Natasha (thrice) (D:2)
  3 sleepcaps
  10 adders
  2 shadow imps
  2 white imps (D:6)
  3 dart slugs
  4 ribbon worms (D:4)
  36 orcs
  6 bats
  An endoplasm (D:1)
  3 giant cockroaches
  6 goblins
  14 hobgoblins
  10 jackals
  21 kobolds
  6 quokkas
  2 ball pythons
  3 frilled lizards
  5 rats
  A spectral weapon (Elf:2)
1321 creatures vanquished.

Vanquished Creatures (collateral kills)
  Boris (Vaults:1)
  A centaur warrior (Vaults:1)
  An ironbound convoker (Vaults:1)
  A vault sentinel (Vaults:1)
4 creatures vanquished.

Vanquished Creatures (others)
  A tentacled monstrosity (Swamp:2)
  A tengu reaver (Vaults:4)
  A spark wasp (Depths:2)
  A rakshasa (Depths:2)
  A shock serpent (Snake:1)
  A deep elf knight (Elf:2)
  A necromancer (Depths:2)
  3 deep elf pyromancers
  4 bloated husks
  A water moccasin (Lair:3)
  3 swamp drakes (Swamp:4)
  A boggart (Vaults:3)
  An orc wizard (Orc:2)
  20 foxfires (Swamp:4)
40 creatures vanquished.

Grand Total: 1365 creatures vanquished

Notes
Turn   | Place    | Note
-------+----------+-------------------------------------------
     0 | D:1      | smashvw the Minotaur Berserker began the quest for the Orb.
     0 | D:1      | Reached XP level 1. HP: 19/19 MP: 0/0
   237 | D:1      | Reached XP level 2. HP: 21/27 MP: 1/1
   390 | D:1      | Reached skill level 4 in Fighting
   614 | D:1      | Found Wyutoxut's Antique Armour Shoppe.
   793 | D:1      | Reached XP level 3. HP: 31/33 MP: 2/2
   991 | D:2      | Reached ** piety under Trog
  1042 | D:2      | Noticed Natasha
  1048 | D:2      | Killed Natasha
  1049 | D:2      | Reached skill level 5 in Axes
  1049 | D:2      | Reached XP level 4. HP: 34/40 MP: 3/3
  1052 | D:2      | Noticed Natasha
  1061 | D:2      | Killed Natasha
  1183 | D:2      | Noticed Natasha
  1191 | D:2      | Killed Natasha
  1525 | D:3      | Identified the +6 hand axe "Uckuqoso" {flame, ^Drain rElec
                  | rF- MP+9}
  1749 | D:3      | Reached XP level 5. HP: 46/46 MP: 4/4
  1760 | D:3      | Found a glowing silver altar of Zin.
  1783 | D:3      | Noticed Terence
  1788 | D:3      | Killed Terence
  1917 | D:3      | Found a bloodstained altar of Trog.
  2041 | D:3      | Noticed Jessica
  2043 | D:3      | Killed Jessica
  2225 | D:4      | Reached *** piety under Trog
  2338 | D:4      | Noticed a water moccasin
  2346 | D:4      | Killed a water moccasin
  2347 | D:4      | Reached XP level 6. HP: 42/52 MP: 5/5
  2545 | D:4      | Found a snail-covered altar of Cheibriados.
  2776 | D:5      | Entered Level 5 of the Dungeon
  2798 | D:5      | Reached XP level 7. HP: 24/59 MP: 6/6
  2942 | D:5      | Found a staircase to the Ecumenical Temple.
  3089 | D:5      | Found a radiant altar of Vehumet.
  3145 | D:5      | Reached skill level 10 in Axes
  3238 | D:5      | Found a stormy altar of Qazlal.
  3447 | D:5      | Reached XP level 8. HP: 60/66 MP: 7/7
  3700 | D:5      | Found a basalt altar of Yredelemnul.
  3910 | D:5      | Identified the +0 chain mail of Past Mistakes {rN+ Str-3
                  | SInv}
  4156 | D:6      | Noticed Duvessa
  4156 | D:6      | Noticed Dowan
  4167 | D:6      | Reached **** piety under Trog
  4170 | D:6      | Killed Duvessa
  4173 | D:6      | Killed Dowan
  4310 | D:6      | Identified the +6 whip "Vacze" {elec, rElec rC+}
  4377 | D:6      | Found a runed translucent door.
  4378 | D:6      | Noticed Crazy Yiuf
  4890 | D:6      | Found a shimmering blue altar of Sif Muna.
  5148 | D:7      | Reached XP level 9. HP: 65/71 MP: 8/8
  5184 | D:7      | Identified the +5 dagger of Foolhardiness {drain, rN+
                  | Str+4}
  5234 | D:7      | Found an ancient bone altar of Kikubaaqudgha.
  5432 | D:7      | You fall into a shaft and drop 1 floor!
  5533 | D:7      | Found a hide-covered altar of Uskayaw.
  5729 | D:8      | Reached skill level 5 in Fighting
  5783 | D:8      | Found a blossoming altar of Fedhas.
  6034 | D:8      | Reached skill level 5 in Armour
  6144 | D:8      | Reached skill level 6 in Fighting
  6683 | D:9      | Found a glowing golden altar of the Shining One.
  6686 | D:9      | Paralysed by a hornet for 2 turns
  6694 | D:9      | Reached skill level 7 in Fighting
  6886 | D:9      | Noticed Prince Ribbit
  6895 | D:9      | Killed Prince Ribbit
  6896 | D:9      | Reached skill level 15 in Axes
  6946 | D:9      | Reached XP level 10. HP: 86/86 MP: 9/9
  7081 | D:9      | Noticed a two-headed ogre
  7088 | D:9      | Killed a two-headed ogre
  7089 | D:9      | Reached skill level 8 in Fighting
  7089 | D:9      | Noticed a two-headed ogre
  7103 | D:9      | Killed a two-headed ogre
  7371 | D:10     | Entered Level 10 of the Dungeon
  7375 | D:10     | Noticed a two-headed ogre
  7376 | D:10     | a two-headed ogre changed into a glass eye
  7384 | D:10     | Reached skill level 9 in Fighting
  7411 | D:10     | Found a staircase to the Lair.
  7583 | D:10     | Reached skill level 1 in Evocations
  7588 | D:10     | Reached skill level 10 in Fighting
  7768 | D:10     | Reached ***** piety under Trog
  7841 | D:10     | Found a runed translucent gate.
  7842 | D:10     | Found a runed translucent gate.
  7842 | D:10     | Found a runed translucent gate.
  7843 | D:10     | Noticed a cyan ugly thing
  7843 | D:10     | Noticed a green ugly thing
  7844 | D:10     | Noticed a cyan ugly thing
  7844 | D:10     | Noticed a glowing orange brain
  7844 | D:10     | a glowing orange brain changed into a glass eye
  7844 | D:10     | Noticed a green ugly thing
  7846 | D:10     | Noticed a two-headed ogre
  7853 | D:10     | Killed a two-headed ogre
  7861 | D:10     | a glass eye changed into a glowing shapeshifter
  7861 | D:10     | Noticed a glowing shapeshifter (glowing shapeshifter)
  7861 | D:10     | a glowing shapeshifter changed into a mana viper
  7861 | D:10     | Noticed a mana viper (glowing shapeshifter)
  7867 | D:10     | a mana viper changed into a shock serpent
  7867 | D:10     | Noticed a shock serpent (glowing shapeshifter)
  7877 | D:10     | Reached XP level 11. HP: 100/100 MP: 10/10
  7936 | D:10     | Found a staircase to the Orcish Mines.
  8042 | D:10     | Noticed a skyshark
  8044 | D:10     | a skyshark changed into a two-headed ogre
  8044 | D:10     | Noticed a two-headed ogre (glowing shapeshifter)
  8046 | D:10     | a two-headed ogre changed into a tyrant leech
  8046 | D:10     | Noticed a tyrant leech (glowing shapeshifter)
  8047 | D:10     | a tyrant leech changed into a deep troll
  8047 | D:10     | Noticed a deep troll (glowing shapeshifter)
  8050 | D:10     | a deep troll changed into an eye of devastation
  8050 | D:10     | Noticed an eye of devastation (glowing shapeshifter)
  8052 | D:10     | an eye of devastation changed into a swamp worm
  8076 | Lair:1   | Entered Level 1 of the Lair of Beasts
  8267 | Lair:1   | Reached skill level 5 in Evocations
  8328 | Lair:1   | Reached skill level 11 in Fighting
  8589 | Lair:1   | Noticed Erica
  8595 | Lair:1   | Killed Erica
  8895 | Lair:1   | Reached skill level 10 in Armour
  8966 | Lair:1   | Found the +8 whip "Snakebite" {venom, curare, rPois}
  9510 | Lair:2   | Noticed Fannar
  9511 | Lair:2   | Noticed an eleionoma
  9517 | Lair:2   | Noticed a catoblepas
  9532 | Lair:2   | Killed an eleionoma
  9533 | Lair:2   | Reached XP level 12. HP: 92/111 MP: 11/11
  9534 | Lair:2   | Killed a catoblepas
  9539 | Lair:2   | Killed Fannar
  9540 | Lair:2   | Reached skill level 12 in Fighting
  9767 | Lair:2   | Found a staircase to the Swamp.
  9826 | Lair:2   | Received a gift from Trog
 10290 | Lair:2   | Found a staircase to the Snake Pit.
 10482 | Lair:2   | Identified the amulet "Naforph" {rElec Will+ RegenMP+
                  | Str+2}
 10524 | Lair:2   | Reached skill level 13 in Fighting
 11161 | Lair:3   | Noticed an eight-headed hydra
 11169 | Lair:3   | Killed a three-headed hydra
 11466 | Lair:3   | Noticed Gastronok
 11478 | Lair:3   | Killed Gastronok
 11839 | Lair:3   | Noticed a death yak
 11839 | Lair:3   | Noticed a death yak
 11840 | Lair:3   | Noticed a death yak
 11865 | Lair:3   | Noticed a death yak
 11867 | Lair:3   | Killed a death yak
 11868 | Lair:3   | Reached XP level 13. HP: 123/123 MP: 12/12
 12171 | Lair:3   | Reached skill level 14 in Fighting
 12810 | Lair:4   | Received a gift from Trog
 13724 | Lair:4   | Found a staircase to the Slime Pits.
 13910 | Lair:4   | Found a broken altar of Ashenzari.
 14452 | Orc:1    | Entered Level 1 of the Orcish Mines
 14473 | Orc:1    | Found Rauz's Distillery.
 14495 | Orc:1    | Reached skill level 15 in Fighting
 14637 | Orc:1    | Bought a potion of invisibility for 128 gold pieces
 14835 | Orc:2    | Entered Level 2 of the Orcish Mines
 14835 | Orc:2    | Found a staircase to the Elven Halls.
 14891 | Orc:2    | Noticed Nessos
 14903 | Orc:2    | Killed Nessos
 15859 | Orc:2    | Paralysed by an orc sorcerer for 2 turns
 16209 | Orc:2    | Reached skill level 15 in Armour
 16482 | Orc:2    | Found Vaghihil's Jewellery Boutique.
 16502 | Orc:2    | Found an ancient bone altar of Kikubaaqudgha.
 16503 | Orc:2    | Noticed Nergalle
 16507 | Orc:2    | Received a gift from Trog
 16516 | Orc:2    | Killed Nergalle
 16539 | Orc:2    | Found Mocvay's Distillery.
 16543 | Orc:2    | Noticed Erolcha
 16555 | Orc:2    | Killed Erolcha
 16573 | Orc:2    | Reached skill level 16 in Fighting
 16573 | Orc:2    | Reached XP level 14. HP: 89/137 MP: 13/13
 16699 | Orc:2    | Found a radiant altar of Vehumet.
 16732 | Orc:2    | Found a roughly hewn altar of Beogh.
 16732 | Orc:2    | Found Galiorr's Antique Weapon Boutique.
 16808 | Orc:2    | Found Xisue's Antique Weapon Boutique.
 16922 | Orc:2    | Bought the ring "Cypliry" {rPois rCorr Str+6 Dex+5} for 949
                  | gold pieces
 17162 | D:1      | Bought an ichor-stained plate armour for 532 gold pieces
 17162 | D:1      | Identified the +6 plate armour "Xenoat" {Fly Will+ Dex+3}
                  | (You bought it in a shop on level 1 of the Dungeon)
 17680 | D:10     | Found a runed translucent gate.
 17680 | D:10     | Found a runed translucent gate.
 17691 | D:10     | Found a runed translucent gate.
 17691 | D:10     | Noticed Guivassao's ghost (journeyman GnWn)
 17707 | D:10     | Killed Guivassao's ghost
 17714 | D:10     | Reached skill level 5 in Dodging
 17738 | D:10     | Gained mutation: You are frail. (-10% HP) [mutagenic glow]
 17752 | D:10     | Gained mutation: You do not regenerate when monsters are
                  | visible. [mutagenic glow]
 18085 | D:10     | Lost mutation: You do not regenerate when monsters are
                  | visible. [potion of mutation]
 18085 | D:10     | Lost mutation: You are frail. (-10% HP) [potion of
                  | mutation]
 18085 | D:10     | Gained mutation: You expend magic power (3 MP) to
                  | strengthen your wands. [potion of mutation]
 19221 | D:11     | Found Mihor's Antique Armour Shoppe.
 19245 | D:11     | Bought a pair of glowing gloves for 202 gold pieces
 19295 | D:11     | Reached skill level 1 in Shields
 19579 | Snake:1  | Entered Level 1 of the Snake Pit
 19624 | Snake:1  | Received a gift from Trog
 19665 | Snake:1  | Noticed Donald
 19672 | Snake:1  | Killed Donald
 19802 | Snake:1  | Noticed Mlioglotl
 19813 | Snake:1  | Killed Mlioglotl
 19818 | Snake:1  | Reached skill level 5 in Shields
 19820 | Snake:1  | Reached skill level 17 in Fighting
 19821 | Snake:1  | Identified the serpent talisman of the Solstice {rElec
                  | Str+5 Stlth-}
 19821 | Snake:1  | Noticed Aizul
 19836 | Snake:1  | Killed Aizul
 20113 | Snake:1  | Found Uvoquy's Antique Armour Shop.
 20225 | Snake:1  | Identified the +1 short sword of Lyibruor {elec, ^Fragile
                  | rF+ Will+}
 20877 | Swamp:1  | Entered Level 1 of the Swamp
 20977 | Swamp:1  | Reached skill level 10 in Shields
 21004 | Swamp:1  | Received a gift from Trog
 21073 | Swamp:1  | Found a snail-covered altar of Cheibriados.
 21080 | Swamp:1  | Reached XP level 15. HP: 122/147 MP: 14/14
 21731 | Swamp:2  | Noticed a tentacled monstrosity
 21740 | Swamp:2  | Killed a tentacled monstrosity
 22358 | Swamp:2  | Identified the +0 chain mail of Oceqaa {rElec rPois MP+9
                  | Str+3}
 22580 | Snake:2  | Found Enytyr's Armour Boutique.
 22580 | Snake:2  | Found Zeiviruwka's Antique Weapon Shop.
 22636 | Snake:2  | Identified the +4 buckler "Osseuzom" {Dex+5}
 22921 | Snake:2  | Reached skill level 15 in Shields
 23264 | Snake:2  | Received a gift from Trog
 24527 | Snake:3  | Identified the ring "Wimm" {Wiz rN+ rCorr Slay+3}
 24534 | Snake:3  | Reached XP level 16. HP: 126/155 MP: 15/15
 25065 | Snake:3  | Found a shadowy altar of Dithmenos.
 26628 | Swamp:3  | Found a blossoming altar of Fedhas.
 26944 | Swamp:4  | Entered Level 4 of the Swamp
 27146 | Swamp:4  | Reached ****** piety under Trog
 27333 | Swamp:4  | Found a glacial archway.
 27837 | Swamp:4  | Noticed Mara
 27866 | Swamp:4  | Killed Mara
 27867 | Swamp:4  | Reached skill level 18 in Fighting
 28196 | Swamp:4  | Received a gift from Trog
 28281 | Swamp:4  | Got a decaying rune of Zot
 28454 | Snake:4  | Entered Level 4 of the Snake Pit
 28615 | Snake:4  | Reached XP level 17. HP: 164/166 MP: 16/16
 28935 | Snake:4  | Reached skill level 19 in Fighting
 29535 | Snake:4  | Reached skill level 20 in Fighting
 29766 | Snake:4  | Got a serpentine rune of Zot
 30165 | D:12     | Received a gift from Trog
 30355 | Orc:2    | Bought the ring of Kauts {EV+5 Str+5 Stlth-} for 781 gold
                  | pieces
 31130 | D:13     | Identified the +10 quarterstaff of Ragnarok {antimagic,
                  | Str+5 SInv}
 31666 | D:14     | Reached skill level 21 in Fighting
 31694 | D:14     | Found a gate to the Vaults.
 32180 | D:15     | Entered Level 15 of the Dungeon
 32722 | D:15     | Found a shadowy altar of Dithmenos.
 33012 | D:15     | Found a staircase to the Depths.
 33364 | Elf:1    | Entered Level 1 of the Elven Halls
 33511 | Elf:1    | Found a huge runed translucent gate.
 33513 | Elf:1    | Found a huge runed translucent gate.
 33514 | Elf:1    | Found a huge runed translucent gate.
 33517 | Elf:1    | Reached skill level 22 in Fighting
 33518 | Elf:1    | Found a huge runed translucent gate.
 33518 | Elf:1    | Found a huge runed translucent gate.
 33518 | Elf:1    | Found a huge runed translucent gate.
 33518 | Elf:1    | Found a huge runed translucent gate.
 33518 | Elf:1    | Found a huge runed translucent gate.
 33521 | Elf:1    | Found a huge runed translucent gate.
 33522 | Elf:1    | Found a huge runed translucent gate.
 33522 | Elf:1    | Found a huge runed translucent gate.
 33522 | Elf:1    | Found a huge runed translucent gate.
 33522 | Elf:1    | Found a huge runed translucent gate.
 33522 | Elf:1    | Found a huge runed translucent gate.
 33522 | Elf:1    | Found a huge runed translucent gate.
 33542 | Elf:1    | Found a huge runed translucent gate.
 33543 | Elf:1    | Found a huge runed translucent gate.
 33543 | Elf:1    | Found a huge runed translucent gate.
 33543 | Elf:1    | Found a huge runed translucent gate.
 33543 | Elf:1    | Noticed a deep elf master archer
 33544 | Elf:1    | Found a huge runed translucent gate.
 33681 | Elf:1    | Received a gift from Trog
 33681 | Elf:1    | Paralysed by an air elemental for 1 turns
 33700 | Elf:1    | Reached XP level 18. HP: 114/184 MP: 17/17
 35486 | Elf:2    | Noticed Asterion
 35487 | Elf:2    | Received a gift from Trog
 35500 | Elf:2    | Killed Asterion
 35658 | Elf:2    | Found Hywk's Assorted Antiques.
 35676 | Elf:2    | Bought a scroll of enchant weapon for 255 gold pieces
 35718 | Elf:2    | Found a runed translucent gate.
 35719 | Elf:2    | Found a runed translucent gate.
 35719 | Elf:2    | Found a runed translucent gate.
 36661 | Elf:2    | Identified the blade talisman of the Kettle-Drum {*Slow rC+
                  | rN+ SInv}
 36773 | Elf:3    | Entered Level 3 of the Elven Halls
 37183 | Elf:3    | Paralysed by an air elemental for 1 turns
 37187 | Elf:3    | Received a gift from Trog
 37594 | Vaults:1 | Entered Level 1 of the Vaults
 37616 | Vaults:1 | Identified the +4 robe of Amelioration {rN+ Str+3}
 37616 | Vaults:1 | Noticed Boris
 37694 | Vaults:1 | Killed Boris
 37754 | Vaults:1 | Reached XP level 19. HP: 168/193 MP: 18/18
 38265 | Vaults:1 | Received a gift from Trog
 38582 | Vaults:1 | Found Upsoereo's General Store.
 38607 | Vaults:1 | Bought a scroll of blinking for 150 gold pieces
 38752 | Vaults:1 | Identified the +3 battleaxe "Nuyhec" {flame, Str+5 Int-4}
 39471 | Vaults:2 | You are sucked into a shaft and drop 2 floors!
 39543 | Vaults:4 | Found a transporter.
 39557 | Vaults:4 | Found a bloodstained altar of Trog.
 39558 | Vaults:4 | Noticed Plog's ghost (veteran CoAr)
 39564 | Vaults:4 | Found a transporter.
 40261 | Vaults:2 | Received a gift from Trog
 40585 | Vaults:2 | Noticed Margery
 40587 | Vaults:2 | Noticed a hellephant
 40601 | Vaults:2 | Killed Margery
 40601 | Vaults:2 | Killed a hellephant
 40818 | Vaults:2 | Reached XP level 20. HP: 202/202 MP: 19/19
 40867 | Vaults:2 | Found a transporter.
 40876 | Vaults:2 | Found Kaluy's Armour Shoppe.
 40940 | Vaults:2 | Found a transporter.
 41045 | Vaults:2 | Reached skill level 23 in Fighting
 41128 | Vaults:2 | Received a gift from Trog
 41249 | Vaults:2 | Found a staircase to the Crypt.
 42386 | Vaults:4 | Identified the +4 robe "Itoa" {Dex+2 SInv}
 42386 | Vaults:4 | Noticed Boris
 42396 | Vaults:4 | Killed Boris
 42653 | Vaults:4 | Received a gift from Trog
 42657 | Vaults:4 | Noticed an ancient lich
 42674 | Vaults:4 | Killed an ancient lich
 42870 | Vaults:4 | Identified the amulet "Wivvy" {RegenMP+ Dex+3}
 42955 | Vaults:4 | Found Sucihob's Magic Scroll Shop.
 42963 | Vaults:4 | Bought 2 scrolls of teleportation for 84 gold pieces
 43270 | Vaults:4 | Received a gift from Trog
 43787 | Vaults:4 | Noticed Sojobo
 43800 | Vaults:4 | Killed Sojobo
 44347 | Depths:1 | Entered Level 1 of the Depths
 44347 | Depths:1 | Noticed the Enchantress
 44356 | Depths:1 | Killed the Enchantress
 44412 | Depths:1 | Reached XP level 21. HP: 213/213 MP: 20/20
 44501 | Depths:1 | Found a gateway to Hell.
 44515 | Depths:1 | Found a one-way gate to the infinite horrors of the Abyss.
 44543 | Depths:1 | Found a glowing golden altar of the Shining One.
 44561 | Depths:1 | Found Peatt's Magic Scroll Shoppe.
 44569 | Depths:1 | Reached skill level 24 in Fighting
 44736 | Depths:1 | Found Pybuen's Distillery.
 44736 | Depths:1 | Found Vanalabuh's Jewellery Shoppe.
 45268 | Depths:1 | Received a gift from Trog
 45905 | Depths:2 | Identified the +3 robe "Timaz" {rCorr Str+5 Slay-3}
 45905 | Depths:2 | Noticed Boris
 45917 | Depths:2 | Killed Boris
 46216 | Depths:2 | Identified the +6 war axe "Umetu" {flame, rF+ Str+3 Dex+3
                  | Stlth-} (Trog gifted it to you on level 2 of the Depths)
 46216 | Depths:2 | Received a gift from Trog
 46388 | Depths:2 | Noticed Grunn
 46407 | Depths:2 | Killed Grunn
 46409 | Depths:2 | HP: 4/304 [reaper/+1 heavy scythe[a doom hound] (35)]
 46415 | Depths:2 | HP: 7/203 [???[a doom hound] (5)]
 46422 | Depths:2 | HP: 6/204 [reaper/+1 heavy scythe[a doom hound] (12)]
 46422 | Depths:2 | Slain by a Tzitzimitl

Illustrated notes

Levels and vault maps discovered:
D:1:      scummos_arrival_star, layout_basic, serial_shops,
          nicolae_shop_real_fake_doors, amethyst_killhole
D:2:      layout_rooms, minivault_14, minmay_indecisive_spiral, uniq_natasha
D:3:      layout_basic, zin_statuary, trog_three_pillars_becter,
          hangedman_decor_peaks_small, kennysheep_generic_room_5, uniq_jessica,
          uniq_terence
D:4:      layout_cave_pools, slow_altar_2, dk_noncrumbling_3
D:5:      layout_basic, lemuel_coloured_pillars_altar, general_overflow_altar,
          nicolae_qazlal_beasts_of_the_sky, minmay_temple_entry_ruins,
          kennysheep_pointless_box
D:6:      layout_loops_ring, lemuel_blue_sif_altar, uniq_crazy_yiuf_cottage,
          uniq_duvessa
D:7:      layout_rooms, lemuel_tele_altar, lemuel_doored_altar,
          kennysheep_generic_room_6
D:8:      layout_loops_ring, mainiacjoe_overflow_brackets
D:9:      layout_long_grid, mainiacjoe_overflow_concentric_impassable,
          uniq_prince_ribbit1
D:10:     layout_big_octagon, ploomutoo_gammafunk_ghost_potion_laboratory,
          serial_column_ruins, column_ruins_hut_water,
          column_ruins_corridor_straight, column_ruins_open_medium,
          column_ruins_open_tiny, column_ruins_open_tiny, kennysheep_crisscross
D:11:     layout_loops_ring, serial_shops, shop_statue
D:12:     layout_basic
D:13:     layout_cave_pools, serial_rivers, chequers_serial_rivers_micro_a,
          chequers_serial_rivers_marsh, chequers_serial_rivers_micro_b,
          chequers_serial_rivers_large_b, chequers_serial_rivers_room_a
D:14:     layout_small_grid, hellmonk_vaults_order_and_chaos, chequers_jeans,
          grunt_tough_drop
D:15:     grunt_enter_depths_snipers, layout_gridville,
          grunt_dithmenos_smoke_and_mirrors
Lair:1:   minmay_guarded_unrand_snakebite, layout_cave_shapes, uniq_erica
Lair:2:   layout_cave_shapes, alex1729_swamp_entry_worm_eleionoma,
          minmay_snake_entry_six_corridors, disabler_island, uniq_fannar
Lair:3:   layout_roguey, grunt_forest_small_clearing_treed,
          infiniplex_staircase_pool, grunt_megastairs_1, uniq_gastronok
Lair:4:   layout_big_grid, slime_entry_1, basic_altar, serial_rivers,
          chequers_serial_rivers_small_3, chequers_serial_rivers_room_b,
          chequers_serial_rivers_room_a, chequers_serial_rivers_small_b,
          chequers_serial_rivers_micro_e, chequers_serial_rivers_small_3,
          gammafunk_lair_bear_cave, lemuel_fruit_fields
Swamp:1:  layout_falls_marsh, lemuel_altar_in_water
Swamp:2:  layout_basic_swamp, evilmike_swamp_ruin_house_5
Swamp:3:  layout_basic_swamp, basic_altar, nicolae_swamp_tree_isthmus,
          infiniplex_staircase_pool_2
Swamp:4:  swamp_fiery, layout_basic_swamp, portal_ice_cave_entry_ice_statue_one,
          nicolae_swamp_decorative_isthmus, uniq_mara
Snake:1:  nicolae_snakescales, layout_basic, serial_shops, shop, uniq_donald,
          uniq_aizul, uniq_mlioglotl
Snake:2:  layout_rooms, serial_shops, nicolae_shop_trees, nicolae_stop_n_shop_1
Snake:3:  layout_chambers, basic_altar, corexii_hall_statues_u,
          serial_bayou_shore_b, grunt_megastairs_4
Snake:4:  snake_pit, layout_cave_town, grunt_megastairs_3
Orc:1:    layout_caves, serial_shops, nicolae_shop_waterfront, mines3_lemuel
Orc:2:    kennysheep_orc_mage_school, layout_caves, nicolae_orc_tapped_out,
          uniq_nessos
Elf:1:    elf_arrival_002, layout_geoelf_diagonals, hangedman_elf_represent,
          minivault_11, minivault_25_ag
Elf:2:    nicolae_elf_blades_crystal_corner, layout_loops_corners, serial_shops,
          nicolae_shop_tiny_glass, dreamdust_mushroom_princess,
          lemuel_upstairs_altar, uniq_asterion
Elf:3:    elf_hall, layout_loops_cross, gammafunk_ghost_ooze
Vaults:1: st_star, nicolae_vaults_tetromino_L_1, ontoclasm_vaults_bender,
          ontoclasm_vaults_fault, nicolae_vaults_two_Ls,
          nicolae_vaults_shrinking_rooms_2, vaults_mumra_hex,
          hangedman_vaults_stagger, v_alt_pattern_1, v_misc_17,
          nicolae_vaults_little_squares_4, nicolae_vaults_storage_room_glass,
          nicolae_vaults_sealed_display, nicolae_vaults_shelves_hall,
          layout_vaults_omnibox, serial_shops, shop_fountains, uniq_boris
Vaults:2: nicolae_vaults_ninety_degrees, v_misc_4, nicolae_vaults_trapezoid_3,
          v_alt_pattern_6, v_pattern_3, nicolae_vaults_puzzle_piece,
          nicolae_vaults_house_2, nicolae_vaults_yaktaur_gun_rack,
          layout_vaults_omnigrid, minmay_crypt_entry_simple_round, serial_shops,
          nicolae_shop_drivethru, uniq_margery
Vaults:3: nicolae_vaults_know_your_exits, v_misc_9, nicolae_vaults_wine_cellar,
          vaults_dpeg_diagonal, nicolae_vaults_storage_room_water,
          nicolae_vaults_little_squares_4, nicolae_vaults_trapezoid_2,
          layout_vaults_omnicross
Vaults:4: gammafunk_ghost_wrathful_warriors, nicolae_vaults_inception_corners,
          nicolae_vaults_tangent_ellipses, nicolae_vaults_network_square,
          nicolae_vaults_shelves_hall, vaults_room_grid,
          nicolae_vaults_what_the_h, layout_vaults_chaotic_city, serial_shops,
          shop_statue, uniq_sojobo
Depths:1: layout_gridlike, pf_coc_iceberg, abyss_entry, tso_altar,
          kennysheep_windowed_goal, grunt_megastairs_5, minmay_shoptagon,
          uniq_enchantress
Depths:2: minmay_the_grid_3x2 [minmay_the_grid_fan, minmay_the_grid_slots,
          minmay_the_grid_expand, minmay_the_grid_aliased_spiral,
          minmay_the_grid_garden, minmay_the_grid_prize_big_room],
          layout_gridlike, hell_entry, rand_demon_pan_entry_3,
          infiniplex_staircase_zigzag_5, uniq_grunn

Skill      XL: |  1  2  3  4  5  6  7  8  9 10 11 12 13 14 15 16 17 18 19 20 21 |
---------------+----------------------------------------------------------------+-----
Fighting       | 4 7 10 11 13 16 17 18 22 23 24 | 24.7
Axes           | 4 5 6 8 9 11 14 15 16 17 18 21 22 23 | 23.4
Armour         | 3 6 10 12 15 16 20 21 22 | 22.5
Evocations     | 4 6 7 9 |  9.0
Dodging        | 6 |  6.0
Shields        | 10 16 20 21 | 21.6

Action                     |  1- 3 |  4- 6 |  7- 9 | 10-12 | 13-15 | 16-18 | 19-21 || total
---------------------------+-------+-------+-------+-------+-------+-------+-------++-------
  Melee: Hand axe          |    65 |   105 |   192 |   391 |   515 |       |       ||  1268
         Headbutt          |     7 |    12 |    30 |    79 |   227 |   214 |   252 ||   821
         War axe           |       |       |       |       |   373 |   907 |   190 ||  1470
         Broad axe         |       |       |       |       |    10 |    36 |   695 ||   741
  Throw: Dart              |       |       |       |       |     2 |       |       ||     2
 Invoke: Berserk           |       |     1 |     4 |     9 |    10 |     7 |     9 ||    40
         Trog's Hand       |       |       |       |       |     1 |     1 |     2 ||     4
         Brothers in Arms  |       |       |       |       |       |     1 |       ||     1
  Evoke: Wand              |       |       |       |     8 |     2 |     2 |       ||    12
         Phantom mirror    |       |       |       |       |       |     1 |       ||     1
    Use: Scroll            |       |       |       |    13 |     8 |    17 |     9 ||    47
         Potion            |       |       |       |       |     2 |     2 |     2 ||     6
 Armour: Animal skin       |    43 |    18 |       |       |       |       |       ||    61
         Scale mail        |       |    16 |    94 |       |       |       |       ||   110
         Plate armour      |       |       |       |   233 |   680 |   544 |   445 ||  1902
  Dodge: Dodged            |    39 |    73 |   106 |   171 |   418 |   396 |   310 ||  1513
         Repelled          |       |       |       |     6 |    75 |   103 |    31 ||   215
  Block: Buckler           |       |       |       |       |    57 |       |       ||    57
         Kite shield       |       |       |       |       |   205 |   780 |   691 ||  1676
         Reflection        |       |       |       |       |    12 |   116 |    57 ||   185

Table legend: (Time is in decaauts)
 A = Elapsed time spent in this place.
 B = Non-inter-level travel time spent in this place.
 C = Inter-level travel time spent in this place.
 D = Time resting spent in this place.
 E = Time spent auto-exploring this place.
 F = Levels seen in this place.
 G = Mean time per level.
                   A        B        C        D        E       F      G
               +--------+--------+--------+--------+--------+-----+--------+
         Total |  46300 |  43074 |   3226 |   5171 |  30960 |  38 | 1218.4 |
       Dungeon |  13585 |  12122 |   1463 |    803 |   9725 |  15 |  905.7 |
          Lair |   6503 |   6089 |    414 |    762 |   4613 |   4 | 1625.8 |
         Swamp |   3805 |   3630 |    175 |    506 |   2363 |   4 |  951.2 |
     Snake Pit |   6621 |   6295 |    326 |   1380 |   3668 |   4 | 1655.2 |
  Orcish Mines |   2967 |   2618 |    349 |    380 |   1729 |   2 | 1483.5 |
   Elven Halls |   4179 |   4023 |    156 |    907 |   2410 |   3 | 1393.0 |
        Vaults |   6626 |   6332 |    294 |    123 |   5207 |   4 | 1656.5 |
        Depths |   2011 |   1965 |     46 |    307 |   1244 |   2 | 1005.5 |
               +--------+--------+--------+--------+--------+-----+--------+

Top non-repeatable levels by time:
  Lair:2: 2154 daAuts
Vaults:4: 2085 daAuts
   Elf:2: 2043 daAuts
   Orc:2: 2008 daAuts
 Snake:2: 1873 daAuts
Vaults:1: 1814 daAuts
 Snake:3: 1788 daAuts
   Elf:1: 1703 daAuts
Vaults:2: 1658 daAuts
    D:10: 1637 daAuts
  Lair:4: 1606 daAuts
 Snake:4: 1542 daAuts
  Lair:1: 1421 daAuts
 Snake:1: 1417 daAuts
     D:5: 1396 daAuts
